[Event "FIDE World School-ch O-11 2025"]
[Site "Vrnjacka Banja"]
[Date "2025.03.20"]
[Round "1.1"]
[White "Acheampong Jedidiah Nana Osei"]
[Black "Uzdemir, Ali Poyraz"]
[Result "0-1"]
[Annotator "NA RC"]
[ECO "B20"]
[WhiteElo "1670"]
[BlackElo "2184"]
[PlyCount "80"]
[EventDate "2025.03.19"]
[EventType "swiss"]
[EventCountry "SRB"]
[SourceTitle "playchess.com"]
[Source "ChessBase"]
[SourceQuality "1"]
[TimeControl "5400+30"]

1. e4 c5 2. Bc4 e6 3. d3 d5 4. exd5 exd5 5. Bb3 Nf6 6. h3 Nc6 7. a3 Bd6 8. Ne2 O-O 9. O-O Be6 10. Bg5 h6 11. Bh4 Ne5 12. Nd2 Ng6 13. Bg3 Bxg3 14. Nxg3 Qc7 15. Nf3 Rad8 16. Qd2 Rfe8 17. Rfe1 Qf4 18. Qxf4 Nxf4 19. Ne2 Ng6 20. Ng3 b5 21. Rad1 Nd7 22. c3 Nf4 23. Ne2 Nxe2+ 24. Rxe2 a5 25. Ree1 Nf6 26. Rc1 Bf5 27. Rcd1 Rxe1+ 28. Nxe1 Re8 29. Kf1 c4 30. dxc4 bxc4 31. Bc2 Rxe1+ 32. Rxe1 Bxc2 33. g3 Be4 34. f4 Kf8 35. Kf2 Ke7 36. g4 Kd6 37. Rc1 Nd7 38. Ke3 Nc5 39. Re1 Nd3 40. Re2 f5 0-1

[Event "FIDE World School-ch O-11 2025"]
[Site "Vrnjacka Banja"]
[Date "2025.03.20"]
[Round "1.2"]
[White "Lishoy Gengis Paratazham, Dildarav"]
[Black "Bilic, Mihajlo"]
[Result "1-0"]
[Annotator "NA RC"]
[ECO "C55"]
[WhiteElo "2071"]
[BlackElo "1664"]
[PlyCount "131"]
[EventDate "2025.03.19"]
[EventType "swiss"]
[EventCountry "SRB"]
[SourceTitle "playchess.com"]
[Source "ChessBase"]
[SourceQuality "1"]
[TimeControl "5400+30"]

1. e4 e5 2. Nf3 Nc6 3. Bc4 Nf6 4. d3 Be7 5. c3 O-O 6. O-O d6 7. Re1 Re8 8. Nbd2 Bf8 9. Nf1 a6 10. Bb3 Be6 11. Ng3 Na5 12. Bc2 c5 13. d4 Qc7 14. d5 Bd7 15. b3 b5 16. Bd2 Nb7 17. c4 b4 18. a3 a5 19. a4 g6 20. Qc1 Bg7 21. Bh6 Bg4 22. Nh4 Qe7 23. Bxg7 Kxg7 24. Qg5 Kh8 25. h3 Bd7 26. f4 Ng8 27. Qxe7 Rxe7 28. f5 Rf8 29. Rf1 Ree8 30. f6 Nh6 31. Nf3 Ng8 32. Nh4 Nh6 33. Rf2 Rg8 34. Raf1 Nd8 35. Bd1 Nb7 36. Kh1 Nd8 37. Nf3 g5 38. Nh2 g4 39. hxg4 Nxg4 40. Nxg4 Bxg4 41. Nf5 Bxf5 42. exf5 Rg5 43. g4 h5 44. Rh2 Kg8 45. Kg2 hxg4 46. Rfh1 Kf8 47. Rh8+ Rg8 48. Bxg4 e4 49. Kf2 e3+ 50. Ke2 Re4 51. Bf3 Re5 52. R1h5 Nb7 53. Kd3 Nd8 54. Bg4 Nb7 55. Ke2 Nd8 56. R5h7 Re4 57. Bh3 Re5 58. Rh4 Nb7 59. R8h6 Ke8 60. Rh7 Kf8 61. Rf4 Rg3 62. Rh8+ Rg8 63. Rh7 Rg3 64. Rh5 Nd8 65. Rf3 Rxf3 66. Rh8# 1-0

[Event "FIDE World School-ch O-11 2025"]
[Site "Vrnjacka Banja"]
[Date "2025.03.20"]
[Round "1.3"]
[White "Samaraweera S M Sethika Hansir"]
[Black "Ivanovic, Leonid"]
[Result "0-1"]
[Annotator "NA RC"]
[ECO "B50"]
[WhiteElo "1655"]
[BlackElo "2015"]
[PlyCount "122"]
[EventDate "2025.03.19"]
[EventType "swiss"]
[EventCountry "SRB"]
[SourceTitle "playchess.com"]
[Source "ChessBase"]
[SourceQuality "1"]
[TimeControl "5400+30"]

1. e4 c5 2. Nf3 d6 3. c3 Nf6 4. h3 Nc6 5. Bd3 e5 6. c4 Be7 7. Bc2 h6 8. Nc3 Nd7 9. Nd5 Nf8 10. d3 Ne6 11. Bd2 Bg5 12. a3 Bxd2+ 13. Qxd2 O-O 14. O-O Ned4 15. Nxd4 Nxd4 16. f4 exf4 17. Rxf4 Qg5 18. Kh2 Be6 19. Raf1 Bxd5 20. cxd5 Rae8 21. Qf2 Qe5 22. Kh1 f6 23. Bd1 a5 24. Bg4 b5 25. h4 a4 26. g3 Rb8 27. Bf5 b4 28. g4 g5 29. hxg5 hxg5 30. Qh2 Nxf5 31. Rxf5 Qxh2+ 32. Kxh2 bxa3 33. bxa3 Kg7 34. d4 cxd4 35. Rd1 Rb2+ 36. Kg1 Rb3 37. Rxd4 Rxa3 38. Rb4 Ra8 39. Rb7+ Kg6 40. Re7 Rg3+ 41. Kf2 Rxg4 42. Ke3 Rf4 43. Rb7 Rxf5 44. exf5+ Kxf5 45. Rb2 a3 46. Ra2 Ke5 47. Kf3 f5 48. Ke3 Kxd5 49. Kd3 g4 50. Kc2 g3 51. Kb1 f4 52. Rd2+ Ke4 53. Ka2 f3 54. Rxd6 g2 55. Re6+ Kd3 56. Rd6+ Ke2 57. Re6+ Kf2 58. Rd6 g1=Q 59. Rd1 Qg8+ 60. Ka1 Qg7+ 61. Ka2 Qb2# 0-1

[Event "FIDE World School-ch O-11 2025"]
[Site "Vrnjacka Banja"]
[Date "2025.03.20"]
[Round "1.4"]
[White "Adamovic, Nikola"]
[Black "Jevremovic, Filip"]
[Result "1-0"]
[Annotator "NA RC"]
[ECO "C43"]
[WhiteElo "1996"]
[BlackElo "1647"]
[PlyCount "67"]
[EventDate "2025.03.19"]
[EventType "swiss"]
[EventCountry "SRB"]
[SourceTitle "playchess.com"]
[Source "ChessBase"]
[SourceQuality "1"]
[TimeControl "5400+30"]

1. e4 e5 2. Nf3 Nf6 3. d4 Nxe4 4. Bd3 d5 5. Nxe5 Bd6 6. Nc3 Bb4 7. Bxe4 dxe4 8. O-O Bxc3 9. bxc3 Nd7 10. Nxd7 Bxd7 11. Ba3 Qg5 12. Re1 f5 13. Rb1 O-O-O 14. d5 h5 15. Qd4 Kb8 16. d6 c6 17. Bc5 a6 18. Bb6 Rde8 19. Ba7+ Ka8 20. Qb6 Rb8 21. Bxb8 Rxb8 22. Qc7 Be6 23. d7 h4 24. Rxb7 Rxb7 25. d8=Q+ Qxd8 26. Qxd8+ Rb8 27. Qxh4 Bxa2 28. Ra1 a5 29. h3 Bc4 30. Rxa5+ Kb7 31. Qe7+ Kc8 32. Ra7 Rb1+ 33. Kh2 Rb7 34. Qxb7+ 1-0

[Event "FIDE World School-ch O-11 2025"]
[Site "Vrnjacka Banja"]
[Date "2025.03.20"]
[Round "1.5"]
[White "Pak, Yuriy"]
[Black "Perunovic, Uros"]
[Result "1-0"]
[Annotator "NA RC"]
[ECO "C77"]
[WhiteElo "1625"]
[BlackElo "1986"]
[PlyCount "95"]
[EventDate "2025.03.19"]
[EventType "swiss"]
[EventCountry "SRB"]
[SourceTitle "playchess.com"]
[Source "ChessBase"]
[SourceQuality "1"]
[TimeControl "5400+30"]

1. e4 e5 2. Nf3 Nc6 3. Bb5 a6 4. Ba4 Nf6 5. Nc3 b5 6. Bb3 Be7 7. d3 d6 8. h3 Na5 9. Be3 Nxb3 10. axb3 Bb7 11. Qd2 c5 12. Ne2 Qc7 13. c4 b4 14. Ng3 g6 15. Bh6 O-O-O 16. Nf1 Nd7 17. Ne3 Nb6 18. Nd5 Nxd5 19. cxd5 Bf8 20. Be3 f5 21. Bg5 Be7 22. Bxe7 Qxe7 23. Ng5 h6 24. Ne6 Rdg8 25. Qc2 Kb8 26. Qc4 Qd7 27. Rxa6 Bxa6 28. Qxa6 Rh7 29. O-O Qc8 30. Qxd6+ Ka8 31. Ra1+ Ra7 32. Nc7+ Kb7 33. Qc6+ Kb8 34. Na6+ Rxa6 35. Rxa6 Qxc6 36. Rxc6 Rg7 37. Rxc5 Ra7 38. Rb5+ Kc7 39. Rxb4 Ra1+ 40. Kh2 Rd1 41. Rc4+ Kd7 42. Rc3 Rd2 43. Kg3 f4+ 44. Kf3 Rxb2 45. g3 g5 46. h4 gxh4 47. gxh4 h5 48. d4 1-0

[Event "FIDE World School-ch O-11 2025"]
[Site "Vrnjacka Banja"]
[Date "2025.03.20"]
[Round "1.6"]
[White "Tulegen, Ramazan"]
[Black "Galimov, Zakhar M"]
[Result "1-0"]
[Annotator "NA RC"]
[ECO "D05"]
[WhiteElo "1973"]
[BlackElo "1619"]
[PlyCount "127"]
[EventDate "2025.03.19"]
[EventType "swiss"]
[EventCountry "SRB"]
[SourceTitle "playchess.com"]
[Source "ChessBase"]
[SourceQuality "1"]
[TimeControl "5400+30"]

1. d4 d5 2. Nf3 e6 3. e3 Nf6 4. Bd3 Bd6 5. b3 O-O 6. O-O Ne4 7. Nbd2 f5 8. Bb2 Nd7 9. c4 b6 10. cxd5 exd5 11. Ne5 Bxe5 12. dxe5 Ndc5 13. Be2 a5 14. f3 Nxd2 15. Qxd2 Bb7 16. Ba3 Qe7 17. f4 Rfd8 18. Rac1 a4 19. Bxc5 bxc5 20. Qc2 axb3 21. axb3 d4 22. exd4 cxd4 23. Qxf5 Ra2 24. Rf2 Bd5 25. Qh3 g6 26. Rcf1 Kh8 27. Bd3 Rxf2 28. Rxf2 Qe6 29. f5 Qxe5 30. fxg6 Qe1+ 31. Bf1 Qe7 32. Rf7 Qe3+ 33. Qxe3 dxe3 34. Rxh7+ Kg8 35. Re7 Bxb3 36. Rxe3 Bc2 37. Rc3 Bxg6 38. Rxc7 Bf5 39. Rc5 Bh3 40. gxh3 Rd7 41. Kf2 Kg7 42. Kg3 Rd6 43. Be2 Rd7 44. Bg4 Re7 45. Kf4 Kg6 46. Rc6+ Kg7 47. Kg5 Re8 48. Rc7+ Kh8 49. Kh6 Re6+ 50. Kg5 Re8 51. Bf5 Rg8+ 52. Bg6 Rg7 53. Rc8+ Rg8 54. Rc4 Rb8 55. Kh6 Rg8 56. Rc7 Rg7 57. Bf7 Rh7+ 58. Kg6 Rg7+ 59. Kf6 Rg2 60. Bg6 Rf2+ 61. Bf5 Rg2 62. Rh7+ Kg8 63. Rh4 Rf2 64. Ra4 1-0

[Event "FIDE World School-ch O-11 2025"]
[Site "Vrnjacka Banja"]
[Date "2025.03.21"]
[Round "2.1"]
[White "Uzdemir, Ali Poyraz"]
[Black "Makhsatuly, Rakhim"]
[Result "1-0"]
[Annotator "TA"]
[ECO "B55"]
[WhiteElo "2184"]
[BlackElo "1817"]
[PlyCount "45"]
[EventDate "2025.03.19"]
[EventType "swiss"]
[EventCountry "SRB"]
[SourceTitle "playchess.com"]
[Source "ChessBase"]
[SourceQuality "1"]
[TimeControl "5400+30"]

1. e4 c5 2. Nf3 d6 3. d4 cxd4 4. Nxd4 Nf6 5. f3 e5 6. Nb3 Be7 7. c4 a5 8. Be3 {[%emt 0:06:43] B55: Sicilian: 2...d6 3 d4 cxd4 4 Nxd4 Nf6 5 f3.} a4 9. Nc1 Be6 10. Be2 {[%emt 0:01:12] The position is equal.} Qa5+ 11. Nc3 O-O 12. O-O Rc8 13. Nd5 Bxd5 $146 (13... Nxd5 14. cxd5 Bd7 15. Nd3 Bb5 16. Qe1 Qa6 17. Rc1 Rxc1 18. Nxc1 Nd7 19. Bxb5 Qxb5 {0-1 Schoepe,H (2250)-Fischer,D (2338) GER DSF C02 f email 2016}) 14. exd5 (14. cxd5 $14 Na6 15. Nd3) 14... Bd8 $11 15. Nd3 (15. Kh1 $11) 15... Bb6 $1 $15 (15... Rxc4 $6 16. Nxe5 Rc8 17. Nc4 Qxd5 18. Nxd6 $11) 16. c5 Nxd5 17. Bf2 dxc5 ({Black should play} 17... Ba7 $15) 18. Nxe5 $11 Rd8 (18... c4 $5 19. Nxc4 Bxf2+ 20. Rxf2 Qc5 $11) 19. Qc2 (19. Bc4 $14 Nc6 20. Nxf7 (20. Bxd5 $2 {perishes.} Nxe5 21. Re1 Ng6 $19) 20... Kxf7 21. Qd3 (21. Bxd5+ $2 Kf8 $17)) 19... Bc7 (19... Nc6 $11 20. Nxc6 bxc6) 20. Nxf7 $1 $16 {[%emt 0:09:54] White is more active.} Bf4 $2 {[%emt 0:18:52] [#]} (20... Kxf7 $16 21. Bc4 (21. Qxh7 Qb4 $11) 21... Kf6) 21. Nxd8 $18 {[%emt 0:01:17] White is clearly winning.} Qxd8 22. Rad1 Nc6 23. Rxd5 {[%emt 0:00:00] Weighted Error Value: White=0.16 (very precise) /Black=0.52  Loses game:     	---       	Black=1      Mistake:       	White=3     	Black=2      Inaccurate:     	---       	Black=2      OK:         	White=4     	Black=5      Best:        	White=2     	---        Strong:       	White=1     	Black=1} 1-0

[Event "FIDE World School-ch O-11 2025"]
[Site "Vrnjacka Banja"]
[Date "2025.03.21"]
[Round "2.2"]
[White "Zhang, Royce"]
[Black "Lishoy Gengis Paratazham, Dildarav"]
[Result "1/2-1/2"]
[Annotator "NA RC"]
[ECO "A46"]
[WhiteElo "1756"]
[BlackElo "2071"]
[PlyCount "68"]
[EventDate "2025.03.19"]
[EventType "swiss"]
[EventCountry "SRB"]
[SourceTitle "playchess.com"]
[Source "ChessBase"]
[SourceQuality "1"]
[TimeControl "5400+30"]

1. d4 Nf6 2. Nf3 e6 3. g3 b5 4. Bg2 Bb7 5. Bg5 Be7 6. c3 d6 7. Nbd2 Nbd7 8. Qc2 O-O 9. e4 e5 10. O-O h6 11. Bxf6 Bxf6 12. Qd3 a6 13. Rfe1 Re8 14. a4 c6 15. Nb3 Qc7 16. axb5 axb5 17. Nfd2 Red8 18. Nf1 Qb6 19. d5 c5 20. Qc2 g6 21. Ne3 h5 22. h4 Rdb8 23. Bh3 Nf8 24. Nd2 Ba6 25. b3 Nh7 26. Nf3 Qd8 27. Kh2 Kh8 28. Qe2 Ra7 29. Ra2 Rba8 30. Rea1 Qe7 31. Bf1 Qb7 32. Ra3 Bd8 33. Qa2 Bb6 34. Qb2 Kg7 1/2-1/2

[Event "FIDE World School-ch O-11 2025"]
[Site "Vrnjacka Banja"]
[Date "2025.03.21"]
[Round "2.3"]
[White "Ivanovic, Leonid"]
[Black "Feseniuk, Pavlo"]
[Result "1-0"]
[Annotator "NA RC"]
[ECO "E71"]
[WhiteElo "2015"]
[BlackElo "1780"]
[PlyCount "101"]
[EventDate "2025.03.19"]
[EventType "swiss"]
[EventCountry "SRB"]
[SourceTitle "playchess.com"]
[Source "ChessBase"]
[SourceQuality "1"]
[TimeControl "5400+30"]

1. d4 Nf6 2. c4 g6 3. Nc3 Bg7 4. e4 d6 5. h3 O-O 6. Be3 e5 7. d5 a5 8. g4 Na6 9. Nge2 Nd7 10. h4 Ndc5 11. Ng3 c6 12. Be2 cxd5 13. cxd5 Bd7 14. Qd2 f6 15. h5 g5 16. h6 Bh8 17. Nf5 Bxf5 18. gxf5 Rb8 19. Rg1 Kf7 20. Bb5 Rg8 21. Qe2 Ke7 22. O-O-O Rc8 23. Kb1 Kf7 24. Rg2 Ra8 25. Rdg1 b6 26. Bxa6 Nxa6 27. f4 exf4 28. Bxf4 Nc7 29. Be3 Rb8 30. e5 dxe5 31. Qc4 b5 32. Qc6 b4 33. Ne4 a4 34. Nd6+ Ke7 35. Bc5 Qd7 36. Nb5+ Kd8 37. Nxc7 Qxc7 38. Bd6 Qb7 39. Bxb8 Qxb8 40. d6 Qc8 41. Qxc8+ Kxc8 42. Rc2+ Kd7 43. Rd1 Rc8 44. Rxc8 Kxc8 45. d7+ Kd8 46. b3 a3 47. Kc2 e4 48. Rd4 e3 49. Kd3 e2 50. Kxe2 g4 51. Rxg4 1-0

[Event "FIDE World School-ch O-11 2025"]
[Site "Vrnjacka Banja"]
[Date "2025.03.21"]
[Round "2.4"]
[White "Popov, Aleksandr And"]
[Black "Adamovic, Nikola"]
[Result "0-1"]
[Annotator "NA RC"]
[ECO "B22"]
[WhiteElo "1753"]
[BlackElo "1996"]
[PlyCount "102"]
[EventDate "2025.03.19"]
[EventType "swiss"]
[EventCountry "SRB"]
[SourceTitle "playchess.com"]
[Source "ChessBase"]
[SourceQuality "1"]
[TimeControl "5400+30"]

1. e4 c5 2. c3 d5 3. exd5 Qxd5 4. d4 Nf6 5. Nf3 e6 6. Be2 Nc6 7. O-O cxd4 8. cxd4 Be7 9. Nc3 Qd6 10. Nb5 Qd8 11. Bf4 Nd5 12. Bg3 a6 13. Nc3 O-O 14. Rc1 Bd7 15. Nxd5 exd5 16. a3 Re8 17. h3 Bf6 18. Qd2 Bf5 19. Bd3 Be4 20. Bb1 Bxf3 21. gxf3 Nxd4 22. Qd3 g6 23. Rfe1 Qd7 24. Rxe8+ Rxe8 25. Kg2 Nc6 26. b4 d4 27. Rd1 Qd5 28. Rd2 Ne5 29. Ba2 Qc6 30. Qb3 Qd7 31. Rxd4 Qxd4 32. f4 Qe4+ 33. f3 Qe2+ 34. Bf2 Bh4 35. fxe5 Qxf2+ 36. Kh1 Qe1+ 37. Kg2 Qd2+ 38. Kh1 Qc1+ 39. Kg2 Qg5+ 40. Kh1 Qf5 41. Kg2 Rxe5 42. Qxf7+ Qxf7 43. Bxf7+ Kxf7 44. b5 Rxb5 45. a4 Rb2+ 46. Kg1 Kf6 47. f4 Kf5 48. a5 Kxf4 49. Kf1 Kf3 50. Kg1 Rb1+ 51. Kh2 Bg3# 0-1

[Event "FIDE World School-ch O-11 2025"]
[Site "Vrnjacka Banja"]
[Date "2025.03.21"]
[Round "2.5"]
[White "Bai, Moxuan"]
[Black "Tulegen, Ramazan"]
[Result "1-0"]
[Annotator "NA RC"]
[ECO "B89"]
[WhiteElo "1726"]
[BlackElo "1973"]
[PlyCount "135"]
[EventDate "2025.03.19"]
[EventType "swiss"]
[EventCountry "SRB"]
[SourceTitle "playchess.com"]
[Source "ChessBase"]
[SourceQuality "1"]
[TimeControl "5400+30"]

1. e4 c5 2. Nf3 Nc6 3. d4 cxd4 4. Nxd4 Nf6 5. Nc3 d6 6. Bc4 e6 7. Be3 a6 8. a4 Be7 9. h3 Bd7 10. O-O O-O 11. Qd2 Qc7 12. f4 Rad8 13. Nb3 Nb4 14. Be2 a5 15. Bf3 Bc6 16. Qf2 Nd7 17. Rad1 b6 18. Nd4 Ba8 19. Ncb5 Qb8 20. c3 Nc6 21. Nxc6 Bxc6 22. Nd4 Ba8 23. Qc2 Rc8 24. Rfe1 Rfd8 25. Bf2 Bf6 26. Nb5 Nc5 27. Rd2 e5 28. f5 Bg5 29. Rdd1 Bc6 30. h4 Bf6 31. Rd2 Bxb5 32. axb5 Qb7 33. Rd5 Qe7 34. g3 h6 35. Red1 Qc7 36. Qe2 Be7 37. Kg2 Bf8 38. Be3 Be7 39. Qf2 a4 40. g4 f6 41. g5 fxg5 42. hxg5 Bxg5 43. Bxg5 hxg5 44. Qd2 Kf7 45. Qxg5 Qe7 46. Qg6+ Kf8 47. Rxd6 Rxd6 48. Qxd6 a3 49. bxa3 Nb7 50. Qg6 Nd8 51. Rh1 Qf7 52. Rh8+ Ke7 53. Qxb6 Qf6 54. Qxf6+ gxf6 55. a4 Rxc3 56. a5 Rc2+ 57. Kf1 Rc1+ 58. Kf2 Ra1 59. a6 Nf7 60. b6 Nxh8 61. b7 Rxa6 62. b8=Q Ra2+ 63. Kg3 Nf7 64. Qc7+ Kf8 65. Bh5 Ng5 66. Qd6+ Kg7 67. Qe7+ Kg8 68. Qe8+ 1-0

[Event "FIDE World School-ch O-11 2025"]
[Site "Vrnjacka Banja"]
[Date "2025.03.21"]
[Round "2.6"]
[White "Yildiz, Ali Aras"]
[Black "Colovic, Vuk"]
[Result "1-0"]
[Annotator "NA RC"]
[ECO "C00"]
[WhiteElo "1932"]
[BlackElo "1738"]
[PlyCount "85"]
[EventDate "2025.03.19"]
[EventType "swiss"]
[EventCountry "SRB"]
[SourceTitle "playchess.com"]
[Source "ChessBase"]
[SourceQuality "1"]
[TimeControl "5400+30"]

1. e4 c5 2. Nf3 e6 3. g3 d6 4. Bg2 Nc6 5. O-O Nf6 6. Qe2 Qc7 7. c3 Be7 8. d4 cxd4 9. cxd4 O-O 10. Nc3 d5 11. e5 Nd7 12. Be3 a6 13. Nd2 f6 14. exf6 Nxf6 15. Nb3 b5 16. Rac1 Bd7 17. Bf4 Bd6 18. Bxd6 Qxd6 19. Qd2 b4 20. Ne2 Rfc8 21. Nc5 a5 22. b3 Rab8 23. Nf4 Kf7 24. Rfe1 Re8 25. Re2 g5 26. Nfd3 e5 27. dxe5 Nxe5 28. Nxe5+ Rxe5 29. Rxe5 Qxe5 30. Nxd7 Nxd7 31. Bxd5+ Kg7 32. Re1 Qd6 33. Qxg5+ Qg6 34. Re7+ Kh8 35. Qxg6 hxg6 36. Rxd7 Rc8 37. Bc4 Ra8 38. Rd6 Kg7 39. Ra6 Rxa6 40. Bxa6 Kf6 41. f4 Ke6 42. Bd3 Kd5 43. Bxg6 1-0

[Event "FIDE World School-ch O-11 2025"]
[Site "Vrnjacka Banja"]
[Date "2025.03.22"]
[Round "4.1"]
[White "Uzdemir, Ali Poyraz"]
[Black "Adamovic, Nikola"]
[Result "1-0"]
[Annotator "TA"]
[ECO "B32"]
[WhiteElo "2184"]
[BlackElo "1996"]
[PlyCount "93"]
[EventDate "2025.03.19"]
[EventType "swiss"]
[EventCountry "SRB"]
[SourceTitle "playchess.com"]
[Source "ChessBase"]
[SourceQuality "1"]
[TimeControl "5400+30"]

1. e4 c5 2. Nf3 Nc6 3. d4 cxd4 4. Nxd4 e5 5. Nb5 a6 6. N5c3 Bc5 7. Bc4 {[%emt 0:01:06][%cal Oc4f7] B32: Sicilian: Löwenthal and Kalashnikov Variations.} Nf6 8. O-O d6 9. Bg5 {[%emt 0:08:06] The position is equal.} Be6 10. Nd5 Bxd5 11. Bxd5 {[%emt 0:00:41] A sharp opening} h6 $146 (11... O-O 12. Nc3 Bd4 13. Ne2 Rc8 14. c3 Bc5 15. Ng3 h6 16. Bc1 b5 17. Bb3 Ne7 {½-½ Azadmanesh,M-Kamphuis,B NED-ch U18 Hengelo 1995 (5)}) 12. Bxf6 Qxf6 13. Nc3 O-O 14. Qg4 Qg5 15. Qxg5 hxg5 16. Bb3 Ne7 17. Rad1 Bd4 18. Rd3 Kh7 19. Ne2 Bc5 20. c3 b5 21. Rfd1 a5 22. a3 a4 23. Ba2 Rac8 24. Rg3 Kh6 25. Nc1 Nc6 (25... g6 $11) 26. Nd3 $14 Bb6 (26... Na5 $14) 27. Nb4 ({White should try} 27. Ne1 $16 Bc5 28. Nf3) 27... Bc5 28. Na6 Rcd8 ({Better is} 28... Na5 $14) 29. Rgd3 $16 g6 30. Nc7 (30. g3 $16) 30... Kg7 31. Bd5 {[%emt 0:02:05] White is more active.} (31. Nxb5 Rb8 32. c4 (32. Nxd6 Rxb2 33. R1d2 Rxd2 $15) (32. Bc4 $2 Na5 $19) 32... Nd4 $15) 31... Na5 32. Ba2 Nc4 33. Rb1 Rb8 34. Na6 Rfd8 35. Nxb8 Rxb8 36. b4 Nxa3 {[%emt 0:02:40][%mdl 8192] This costs Black the game.} (36... axb3 $16 {is more resistant.} 37. Bxb3 (37. Rxb3 g4 $16) 37... Nxa3) 37. Rbd1 $18 (37. bxc5 Nxb1 38. Bxb1 dxc5 $11) 37... Ba7 38. Rxd6 {[%emt 0:00:14] [#] Strongly threatening Rd7.} Rc8 (38... Bb6 $142 39. Rd7 g4 40. Rxf7+ (40. Bxf7 Rf8 $18) 40... Kh6) 39. Rd7 Bb6 40. Rb7 Rc6 41. Rxf7+ {[%emt 0:00:45] White mates.} Kh6 42. g4 Bxf2+ 43. Kxf2 Rxc3 44. Rdd7 Rc2+ 45. Ke1 Rc1+ 46. Kd2 Rc2+ 47. Kd1 {[%emt 0:00:03] Weighted Error Value: White=0.18 (very precise) /Black=0.58  Loses game:     	---       	Black=1      Mistake:       	White=2     	Black=5      Inaccurate:     	White=5     	Black=4      OK:         	White=14    	Black=8      Best:        	White=2     	Black=1} 1-0

[Event "FIDE World School-ch O-11 2025"]
[Site "Vrnjacka Banja"]
[Date "2025.03.22"]
[Round "4.2"]
[White "Ivanovic, Leonid"]
[Black "Yildiz, Ali Aras"]
[Result "1-0"]
[Annotator "NA RC"]
[ECO "D37"]
[WhiteElo "2015"]
[BlackElo "1932"]
[PlyCount "77"]
[EventDate "2025.03.19"]
[EventType "swiss"]
[EventCountry "SRB"]
[SourceTitle "playchess.com"]
[Source "ChessBase"]
[SourceQuality "1"]
[TimeControl "5400+30"]

1. d4 d5 2. c4 e6 3. Nc3 Nf6 4. Nf3 Be7 5. Bf4 O-O 6. e3 b6 7. cxd5 Nxd5 8. Nxd5 exd5 9. a3 c5 10. Bd3 Bb7 11. h4 Qd7 12. Ne5 Qe6 13. Qc2 g6 14. h5 Nc6 15. hxg6 fxg6 16. Rh6 Nxe5 17. dxe5 Kg7 18. Rh3 Rf7 19. O-O-O c4 20. Rdh1 Rg8 21. Bxg6 Rxf4 22. Rxh7+ Kf8 23. exf4 Qxg6 24. Qxg6 Rxg6 25. f5 Bg5+ 26. Kd1 Rg7 27. f6 Rxh7 28. Rxh7 Bc6 29. e6 Bxf6 30. Rf7+ Ke8 31. Rxf6 d4 32. Rf4 Bxg2 33. Rxd4 Ke7 34. Rxc4 Kxe6 35. Ke2 Kd5 36. Rc7 a6 37. Ke3 Kd6 38. Rg7 Bd5 39. Kd4 1-0

[Event "FIDE World School-ch O-11 2025"]
[Site "Vrnjacka Banja"]
[Date "2025.03.22"]
[Round "4.3"]
[White "Zhang, Royce"]
[Black "Zhauynbay, Alimzhan"]
[Result "0-1"]
[Annotator "TA"]
[ECO "E94"]
[WhiteElo "1756"]
[BlackElo "1927"]
[PlyCount "120"]
[EventDate "2025.03.19"]
[EventType "swiss"]
[EventCountry "SRB"]
[SourceTitle "playchess.com"]
[Source "ChessBase"]
[SourceQuality "1"]
[TimeControl "5400+30"]

1. d4 Nf6 2. Nf3 g6 3. c4 Bg7 4. Nc3 d6 5. e4 O-O 6. Be2 Na6 7. O-O e5 8. d5 Nc5 9. Qc2 a5 10. Bg5 h6 11. Be3 b6 12. Nd2 Bg4 13. Qd1 {[%emt 0:00:13] E94: King's Indian: Classical: 6 Be2 e5 7 0-0: Various Black 7th moves.} Bxe2 14. Qxe2 Qd7 15. f3 {[%emt 0:04:52] White is slightly better.} Nh5 16. b3 $146 (16. Ndb1 $14 {should be considered.}) (16. g3 Rae8 17. b3 f5 18. a3 f4 19. Bxc5 dxc5 20. g4 Nf6 21. Rf2 Ra8 22. Rg2 {½-½ Zubarev,A (2552)-Polivanov,A (2399) Mukachevo Summer op 2016 (3)}) 16... f5 17. a3 Nf4 18. Qd1 Qe7 19. Kh1 Nh5 20. Qc2 f4 21. Bf2 Bf6 22. b4 Nd7 23. Rfc1 (23. Nb5 $142) 23... Bh4 $16 24. Bg1 g5 (24... axb4 $16 {was called for.} 25. axb4 Qh7) 25. Nb5 $18 Ndf6 (25... axb4 $142 26. axb4 Rxa1 27. Rxa1 Qd8) 26. c5 Qd7 27. Qd3 bxc5 28. bxc5 Ne8 29. cxd6 cxd6 30. Rc6 Rf6 31. Nc4 Qe7 32. a4 Rg6 $2 (32... Ng3+ 33. hxg3 Bxg3) 33. h3 (33. Bc5 $142) 33... Ng3+ 34. Kh2 h5 $2 {[%emt 0:00:23] [#]} (34... g4) 35. Nbxd6 $1 Nxd6 36. Nxd6 (36. Bc5 Rd8 37. Nxd6 (37. Rxd6 Rdxd6 38. Nxd6 g4 $18) 37... Qh7 $18) 36... Qd7 {[%emt 0:01:20] Wards off Nc8} (36... Rxd6 37. Bc5 Rad8 38. Rxd6 (38. Bxd6 Rxd6 39. Qa6 Rd8 $18) (38. Qa3 Nf5 $16) 38... Rxd6 39. Qa3 $18) 37. Bc5 g4 38. Qb5 Rg7 {[%emt 0:03:38] Black is weak on the light squares} 39. Rb6 Qd8 40. Rb1 Qg5 {[%emt 0:03:11] aiming for ...gxf3.} 41. Rb8+ $2 ({Better is} 41. Rg1 $18) 41... Rxb8 $14 42. Qxb8+ Kh7 {[%emt 0:00:05] ( -> ...gxf3)} 43. Rb7 {[%emt 0:06:08] and Nf7 would now be decisive} Nf1+ 44. Kg1 gxf3 45. g4 {[%emt 0:03:03] Intending Nf7 and mate.} (45. Kxf1 $2 Qxg2#) 45... fxg3 $40 {[%emt 0:03:20][%mdl 128] ( -> ...Nh2) Black mounts an attack.} 46. Nf5 $2 (46. Kxf1 $2 Qc1#) (46. Rxg7+ $11 Qxg7 47. Qc8 (47. Kxf1 g2+ 48. Kg1 f2+ 49. Bxf2 Bxf2+ 50. Kxf2 g1=Q+ 51. Ke2 Q7g2+ 52. Kd3 Qd4#) 47... f2+ 48. Kg2) 46... f2+ $19 47. Kg2 {[%emt 0:00:10] [#]} Nd2 $1 48. Ne3 {[%emt 0:04:59] [#]} (48. Rxg7+ $2 Qxg7 49. Ne3 Bg5 $19 (49... Nxe4 50. Qb1 $17)) 48... Nxe4 $2 ({Avoid the trap} 48... Qxe3 $2 49. Rxg7+ Kxg7 50. Qf8+ (50. Bxe3 $2 f1=Q#) 50... Kg6 51. Qe8+ (51. Bxe3 f1=Q+ 52. Qxf1 Nxf1 $18) 51... Kh7 52. Qf7+ (52. Bxe3 $2 f1=Q#) 52... Kh8 53. Bxe3 $18) (48... Qf6 $1 $19 {[%csl Gd2][%cal Rf6f3] has better winning chances.} 49. Rxg7+ Kxg7 50. Qc7+ Kg6) 49. Rxg7+ $17 Qxg7 50. Qb1 Qg6 51. Qb7+ {[%emt 0:00:32] [#]} Kh6 $1 {[%emt 0:02:27][%cal Oe4d6] ( -> ...Nd6!)} 52. Bf8+ Kg5 53. Nc4 $2 {[%emt 0:01:04][%mdl 8192] [#]} (53. d6 $17 Nf6 (53... Nxd6 54. Be7+ Kh6 55. Bf8+ Kg5 56. Be7+ Kh6 57. Bf8+ Kg5 $11) 54. Be7) 53... f1=Q+ $1 {[%emt 0:00:28] Black mates.} 54. Kxf1 Qf5+ 55. Ke2 Qf2+ 56. Kd3 Qd4+ 57. Kc2 Qxc4+ 58. Kb1 Qf1+ 59. Ka2 Qxf8 60. d6 Nxd6 {[%emt 0:00:12] Never resign too early!   Weighted Error Value: White=0.46/Black=0.39  Loses game:     	White=2     	---        Missed win:     	White=1     	Black=1      Mistake:       	White=3     	Black=4      Inaccurate:     	White=2     	Black=3      OK:         	White=18    	Black=9      Best:        	White=4     	Black=5      Strong:       	---       	Black=2} 0-1